 Dungeon Crawl Stone Soup version 0.17-a0-1397-g0eee0a3 (webtiles) character file.

215044 nuthulu the Warrior (level 19, 0/133 HPs)
             Began as a Gargoyle Fighter on June 17, 2015.
             Was the Champion of Okawaru.
             Slain by Wiglaf
             ... wielding a +0 battleaxe
              (7 damage)
             ... on level 3 of the Snake Pit.
             The game lasted 02:41:12 (44299 turns).

nuthulu the Warrior (Gargoyle Fighter)             Turns: 44299, Time: 02:41:12

Health: 0/133      AC: 53    Str: 33    XL:     19   Next: 1%
Magic:  0/19       EV: 10    Int: 16    God:    Okawaru [******]
Gold:   2399       SH:  0    Dex: 15    Spells: 0 memorised, 18 levels left

rFire  + . .     SeeInvis .     U - +5 executioner's axe of Defence by Offence {holy, *Corrode +Fly Int+6 Dex+2}
rCold  . . .     Clarity  .     M - +1 crystal plate armour of Defence {*Corrode *Drain Str+7}
rNeg   + + .     SustAt   .     (no shield)
rPois  ∞         Gourm    .     Q - +1 hat {Spirit}
rElec  +         Spirit   +     Z - +2 cloak {+Inv}
rCorr  +         Warding  .     I - +0 pair of gloves "Nuepabb" {rPois rN+ MR++ Slay-2}
rMut   .         Stasis   .     r - +2 pair of boots
MR     +++..                    u - amulet of resist corrosion
Stlth  ..........               i - ring of protection from fire
                                g - +3 ring of dexterity

@: heroism, flying, very slightly contaminated, extremely resistant to hostile
enchantments, extremely unstealthy
A: big wings, negative energy resistance 1, electricity resistance, unbreathing,
petrification resistance, rot immunity, AC +13
a: Stop Flying, Heroism, Finesse, Renounce Religion, Evoke Invisibility
}: 1/15 runes: barnacled


You were on level 3 of the Snake Pit.
You worshipped Okawaru.
Okawaru was exalted by your worship.
You were not hungry.

You visited 6 branches of the dungeon, and saw 33 of its levels.
You visited the Abyss 1 time.
You also visited: Ice Cave.

You collected 3398 gold pieces.
You spent 999 gold pieces at shops.

Inventory:

Hand weapons
 a - the +5 demon whip of Okawaru's Delight {elec, rN++ Str-3 Dex+5}
   (Okawaru gifted it to you on level 1 of the Shoals)

   Occasionally, upon striking a foe, it will discharge some electrical energy
   and cause terrible harm.
   It affects your strength (-3).
   It affects your dexterity (+5).
   It greatly protects you from negative energy.
 m - the +8 war axe of Wrongful Imprisonment {chop, +Blink rF++ MR- SInv}
   (Okawaru gifted it to you on level 4 of the Shoals)

   It inflicts extra damage upon your enemies.
   It greatly protects you from fire.
   It affects your resistance to hostile enchantments.
   It lets you see invisible.
   It lets you blink.
 U - the +5 executioner's axe of Defence by Offence (weapon) {holy, *Corrode +Fly Int+6 Dex+2}
   (Okawaru gifted it to you on level 12 of the Dungeon)

   It has been blessed by the Shining One to cause great damage to the undead
   and demons.
   It affects your intelligence (+6).
   It affects your dexterity (+2).
   It lets you fly.
   It may corrode your equipment when you take damage.
Missiles
 H - 4 javelins of returning (quivered)
Armour
 r - a +2 pair of boots (worn)
 I - the +0 pair of gloves "Nuepabb" (worn) {rPois rN+ MR++ Slay-2}
   (Okawaru gifted it to you on level 11 of the Dungeon)

   It affects your accuracy and damage with ranged weapons and melee attacks
   (-2).
   It protects you from poison.
   It protects you from negative energy.
   It affects your resistance to hostile enchantments.
 M - the +1 crystal plate armour of Defence (worn) {*Corrode *Drain Str+7}
   (You acquired it on level 1 of the Lair of Beasts)

   It affects your strength (+7).
   It may corrode your equipment when you take damage.
   It causes draining when unequipped.
 Q - a +1 hat of spirit shield (worn)
 Z - a +2 cloak of invisibility (worn)
Jewellery
 g - a +3 ring of dexterity (left hand)
 i - a ring of protection from fire (right hand)
 u - an amulet of resist corrosion (around neck)
 v - the amulet of Hinal {Inacc rF+ SInv}
   (You found it on level 3 of the Shoals)

   [amulet of inaccuracy]

   It reduces the accuracy of all your attacks.
   It protects you from fire.
   It lets you see invisible.
 w - the macabre finger necklace {Ward rN+}
   (You took it off a merfolk on level 4 of the Shoals)

   [amulet of warding]

   It may prevent the melee attacks of summoned creatures.
   It protects you from negative energy.
 B - an uncursed ring of fire
 D - an uncursed ring of protection from cold
 E - an uncursed ring of magical power
 T - an uncursed ring of positive energy
Magical devices
 b - a wand of digging (10)
 d - a wand of lightning (0)
 l - a wand of polymorph (16)
 t - a wand of teleportation (8)
 z - a wand of invisibility (3)
 P - a wand of polymorph (10)
 S - a wand of hasting (4)
 V - a wand of digging (13)
 W - a wand of cold (8)
 X - a wand of frost (20)
 Y - a wand of frost (29)
Scrolls
 c - a scroll of silence
 h - 6 scrolls of magic mapping
 p - 11 scrolls of remove curse
 x - 10 scrolls of teleportation
 y - a scroll of amnesia
 L - 15 scrolls of identify
 N - 6 scrolls of fog
 R - 4 scrolls of fear
Potions
 j - 3 potions of agility
 k - 6 potions of cancellation
 q - 6 potions of invisibility
 s - 7 potions of curing
 A - a potion of resistance
 C - a potion of magic
 G - 2 potions of brilliance
 J - 4 potions of berserk rage
 K - 4 potions of might
 O - 4 potions of haste
Comestibles
 e - 11 bread rations
 n - 12 meat rations
 F - 10 fruits


   Skills:
 - Level 19.2(24.2) Fighting
 * Level 17.1(23.5) Axes
 - Level 14.0(22.8) Maces & Flails
 - Level 16.5(21.5) Armour
   Level 3.4(8.4) Shields


You had 18 spell levels left.
You didn't know any spells.

Dungeon Overview and Level Annotations

Branches:
Dungeon (12/15)            Temple (1/1) D:4            Lair (8/8) D:11
 Shoals (4/4) Lair:4        Snake (4/4) Lair:4        Slime (0/6) Lair:6
    Orc (4/4) D:12            Elf (0/3) Orc:4

Altars:
Ashenzari
Cheibriados
Dithmenos
Elyvilon
Fedhas
Gozag
Kikubaaqudgha
Makhleb
Nemelex Xobeh
Okawaru
Qazlal
Ru
Sif Muna
Trog
Vehumet
Xom
Yredelemnul
Zin
The Shining One
Jiyva

Shops:
D:9 [?   Orc:4 (?!(   Shoals:1 =   Snake:2 *

Annotations:
Snake:3 Wiglaf


Innate Abilities, Weirdness & Mutations

You are resistant to torment.
Your stone body is resilient (AC +13).
You are immune to poison.
Your large and strong wings let you fly indefinitely.
You resist negative energy.
You are resistant to electric shocks.
You can survive without breathing.
You are immune to petrification.
You are immune to rotting.


Message History

You are very lightly contaminated with residual magic.
As you read the scroll of blinking, it crumbles to dust.
Wiglaf says, "Have ye nae fought a dwarf yet?"
Wiglaf says, "Thae axes o' dwarves be upon ye!"
Wiglaf hits you with a battleaxe!
* * * LOW HITPOINT WARNING * * *
There is a stone staircase leading up here.
Wiglaf is no longer moving quickly.
Wiglaf hits you but does no damage.
You fly upwards.
There is a stone staircase leading down here.
Unknown command.
Drink which item? (? for menu, Esc to quit)
You feel better. Wiglaf hits you with a battleaxe!!
* * * LOW HITPOINT WARNING * * *
Unknown command.
Wiglaf prays in loud words.
Wiglaf seems to speed up.
Wiglaf completely misses you. Wiglaf hits you with a battleaxe!
You die...

#...# ##...#....#......###
.##.####..####.))#........#####
.#....#..).# ###)#............##
.#....##...# #.).......##....#
.#.....#..##########.#..##.....##
##....>#.##...#......####....#.#.
#........(##.##.##......#..###...
......##...#.#...#......####.....
......#..>.....g@................
......#....#.#...##.#..<.#.....##
####..#....#.#...#..#########..#
...##.#....###...#......# ####
....######.#.###.#......#
####.#...#.#.#..........#
...###.......#..........#
..##.#.......##.##.....##
./#..#.......#...###.###


You could see Wiglaf.

Vanquished Creatures
  5 krakens
  A tentacled starspawn (Abyss:1)
  Frances (D:12)
  Ilsuiw (Shoals:4)
  2 greater nagas
  Aizul (Snake:2)
  Azrael (Orc:4)
  The ghost of Borgoz the Blocker, a powerful MiFi of the Shining One (IceCv)
  6 merfolk javelineers
  Snorg (D:10)
  11 merfolk impalers
  Josephine (Orc:3)
  13 hydras
  9 naga warriors
  6 merfolk avatars
  3 alligator snapping turtles
  Erica (Orc:1)
  An ogre mage (Orc:4)
  Erolcha (Orc:1)
  A centaur warrior (D:11)
  2 merfolk aquamancers
  4 anacondas
  4 satyrs
  5 death yaks
  Urug (D:10)
  4 naga sharpshooters
  A sun demon (Lair:8)
  Sonja (Lair:1)
  12 shock serpents
  Nergalle (D:12)
  12 sea snakes
  3 salamander mystics
  2 deep trolls
  A wizard (Lair:8)
  An ice statue (IceCv)
  5 naga ritualists
  4 hill giants
  4 orc knights
  The ghost of Conn321 the Bolt Thrower, an experienced CeAM of Ru (D:6)
  10 mana vipers
  A lindwurm (Snake:4)
  7 harpies
  8 manticores
  8 fauns
  4 cyclopes
  A wolf spider (Lair:5)
  12 griffons
  5 salamanders
  2 orc sorcerers
  2 necromancers
  2 slime creatures (D:12)
  5 water nymphs
  23 elephants
  A sixfirhy (Lair:8)
  Maurice (Orc:1)
  16 spiny frogs
  8 sirens
  26 black mambas
  A worldbinder (Abyss:1)
  A gargoyle (D:12)
  11 naga magi
  A guardian serpent (Snake:2)
  7 orange demons (Lair:8)
  8 komodo dragons
  A blue devil (Lair:8)
  4 wandering mushrooms (D:9)
  A hellwing (Lair:8)
  10 fire drakes
  2 red devils (Lair:8)
  11 trolls
  2 jumping spiders (Lair:5)
  26 merfolk
  8 two-headed ogres
  A wolf spider simulacrum (IceCv)
  10 freezing wraiths (IceCv)
  10 polar bears
  4 wind drakes
  12 snapping turtles
  26 blink frogs
  The ghost of North the Covert, an average KoAs (D:4)
  4 wraiths
  6 water elementals
  73 yaks
  6 deep elf magi
  20 hippogriffs
  10 wyverns
  2 basilisks
  3 fire elementals
  3 hungry ghosts
  A shadow (Abyss:1)
  3 vampire mosquitoes (D:12)
  2 death yak simulacra (IceCv)
  3 large abominations (Abyss:1)
  7 wolves
  A neqoxec (Abyss:1)
  A hell hound (Orc:4)
  26 nagas
  2 soldier ants (D:12)
  4 sky beasts
  14 porcupines
  21 water moccasins
  9 spiders
  8 black bears
  7 ice beasts
  28 orc warriors
  A small abomination (Abyss:1)
  3 wasps
  2 eyes of draining
  3 phantoms
  13 crocodiles
  6 centaurs
  4 necrophages
  25 ogres
  2 big kobolds
  20 giant frogs
  A water moccasin zombie (D:6)
  5 scorpions
  A wyvern skeleton (D:12)
  3 killer bees (D:9)
  8 wights
  2 oklob saplings (D:9)
  4 electric eels
  3 crimson imps
  2 giant frog zombies
  12 hounds
  A centaur zombie (D:8)
  3 jellies (D:10)
  7 draconian simulacra (IceCv)
  6 iguanas
  4 centaur skeletons
  A giant frog skeleton (D:10)
  A polar bear simulacrum (Lair:8)
  22 orc priests
  A gnoll shaman (D:5)
  3 troll simulacra (IceCv)
  31 orc wizards
  32 sheep
  11 worker ants
  A killer bee zombie (D:6)
  2 spriggan simulacra (IceCv)
  6 wolf simulacra
  3 yak simulacra (Lair:8)
  3 centaur simulacra (IceCv)
  3 hound zombies
  12 adders
  A naga simulacrum (IceCv)
  12 gnolls
  4 ogre simulacra (IceCv)
  3 shadow imps
  12 white imps (IceCv)
  64 river rats
  An ooze (D:10)
  4 ufetubi (Abyss:1)
  4 adder skeletons
  An adder zombie (D:6)
  7 worms
  4 giant geckos
  176 orcs
  A bat skeleton (D:7)
  A bat zombie (D:5)
  7 giant cockroaches
  18 hobgoblins
  7 jackals
  6 quokkas
  3 ball pythons
  17 bats
  6 giant newts
  23 goblins
  36 kobolds
  A quokka skeleton (D:4)
  15 rats
  2 river rat simulacra (Lair:8)
  A fungus (Lair:7)
  9 plants
  A starspawn tentacle (Abyss:1)
  A starspawn tentacle segment (Abyss:1)
  10 tentacles
1430 creatures vanquished.

Vanquished Creatures (others)
  An ogre mage (Orc:4)
  A naga mage (Snake:2)
  A fire drake (Lair:4)
  A troll (Orc:4)
  A naga (Snake:3)
  An ogre (Orc:4)
  3 river rats (Lair:4)
  3 orcs
  13 fungi
  23 plants
  2 starspawn tentacles (Abyss:1)
  11 starspawn tentacle segments (Abyss:1)
  37 tentacles
  970 tentacle segments
1068 creatures vanquished.

Grand Total: 2498 creatures vanquished

Notes
Turn   | Place    | Note
--------------------------------------------------------------
     0 | D:1      | nuthulu the Gargoyle Fighter began the quest for the Orb.
     0 | D:1      | Reached XP level 1. HP: 14/14 MP: 1/1
   152 | D:1      | Reached XP level 2. HP: 19/19 MP: 2/2
   674 | D:2      | Reached XP level 3. HP: 24/24 MP: 3/3
   847 | D:2      | Reached skill level 4 in Fighting
  1099 | D:2      | Reached XP level 4. HP: 20/29 MP: 4/4
  1284 | D:3      | Reached XP level 5. HP: 32/34 MP: 5/5
  1502 | D:3      | Reached skill level 5 in Fighting
  1715 | D:3      | Reached XP level 6. HP: 40/40 MP: 6/6
  2217 | D:4      | Found a staircase to the Ecumenical Temple.
  2226 | Temple   | Entered the Ecumenical Temple
  2299 | Temple   | Became a worshipper of Warmaster Okawaru
  2387 | D:4      | Reached skill level 5 in Maces & Flails
  2665 | D:4      | Noticed North's ghost (average KoAs)
  2680 | D:4      | Killed North's ghost
  2680 | D:4      | Acquired Okawaru's first power
  2680 | D:4      | Reached skill level 6 in Fighting
  2680 | D:4      | Reached XP level 7. HP: 32/47 MP: 7/7
  3972 | D:5      | Entered Level 5 of the Dungeon
  4129 | D:5      | Reached skill level 7 in Fighting
  4236 | D:5      | Reached XP level 8. HP: 33/53 MP: 8/8
  4683 | D:5      | Got a smoking ring mail
  4694 | D:5      | Identified the +1 ring mail of the Komtur {Str+4} (You found it on level 5 of the Dungeon)
  5151 | D:5      | Reached skill level 8 in Fighting
  6223 | D:6      | Reached skill level 9 in Fighting
  6288 | D:6      | Reached XP level 9. HP: 53/60 MP: 9/9
  7078 | D:6      | Noticed Conn321's ghost (experienced CeAM)
  7092 | D:6      | Killed Conn321's ghost
  7092 | D:6      | Reached skill level 10 in Fighting
  7755 | D:7      | Reached skill level 10 in Maces & Flails
  7755 | D:7      | Reached XP level 10. HP: 63/68 MP: 10/10
  7787 | D:7      | Reached skill level 11 in Fighting
  9510 | D:9      | Found Tedaesyu's Armour Shoppe.
  9516 | D:9      | Bought a +0 cloak for 67 gold pieces
  9840 | D:9      | Reached skill level 12 in Fighting
  9870 | D:9      | Found a blossoming altar of Fedhas.
 10238 | D:9      | Found Kyxuas's Magic Scroll Shop.
 10245 | D:9      | Bought a scroll of identify for 28 gold pieces
 10245 | D:9      | Bought a scroll of identify for 28 gold pieces
 10245 | D:9      | Bought a scroll of identify for 28 gold pieces
 10245 | D:9      | Bought a scroll of identify for 28 gold pieces
 10253 | D:9      | Gained mutation: You have a pair of small horns on your head. [potion of beneficial mutation]
 10385 | D:9      | Found a shattered altar of Ashenzari.
 10664 | D:10     | Entered Level 10 of the Dungeon
 10686 | D:9      | Reached XP level 11. HP: 76/76 MP: 11/11
 10874 | D:10     | Noticed Snorg
 10890 | D:10     | Killed Snorg
 10937 | D:10     | Reached skill level 13 in Fighting
 10955 | D:10     | Noticed Urug
 10960 | D:10     | Noticed a hill giant
 10976 | D:10     | Killed a hill giant
 10976 | D:10     | Acquired Okawaru's second power
 10994 | D:10     | Killed Urug
 11544 | D:10     | Found a viscous altar of Jiyva.
 11568 | D:10     | Got a polished war axe
 11569 | D:10     | Identified the +3 war axe "Voadoc" {freeze, rC- Str+7} (You found it on level 10 of the Dungeon)
 12270 | D:11     | Found a staircase to the Lair.
 12271 | D:11     | Noticed a death yak
 12319 | D:11     | Received a gift from Okawaru
 12363 | D:11     | Killed a death yak
 12363 | D:11     | Reached skill level 14 in Fighting
 12928 | D:11     | Received a gift from Okawaru
 12928 | D:11     | Reached XP level 12. HP: 60/85 MP: 12/12
 12931 | D:11     | Got a pair of ichor-stained gloves {god gift}
 12942 | D:11     | Identified the +0 pair of gloves "Nuepabb" {rPois rN+ MR++ Slay-2} (Okawaru gifted it to you on level 11 of the Dungeon)
 13093 | D:11     | Noticed a six-headed hydra
 13104 | D:11     | Killed a six-headed hydra
 13159 | D:11     | Noticed a hill giant
 13338 | D:11     | Noticed a centaur warrior
 13356 | D:11     | Killed a centaur warrior
 13509 | Lair:1   | Entered Level 1 of the Lair of Beasts
 13509 | Lair:1   | Noticed a seven-headed hydra
 13526 | D:11     | Killed a seven-headed hydra
 14095 | Lair:1   | Reached skill level 15 in Fighting
 14797 | Lair:1   | Noticed Sonja
 14822 | Lair:1   | Reached skill level 5 in Armour
 14827 | Lair:1   | Killed Sonja
 14845 | Lair:1   | Identified a scroll of acquirement
 14848 | Lair:1   | Got a faintly humming crystal plate armour
 14859 | Lair:1   | Identified the +1 crystal plate armour of Defence {*Corrode *Drain Str+7} (You acquired it on level 1 of the Lair of Beasts)
 15362 | Lair:2   | Noticed a six-headed hydra
 15377 | Lair:2   | Killed a six-headed hydra
 15377 | Lair:2   | Reached XP level 13. HP: 66/93 MP: 13/13
 15564 | Lair:2   | Noticed a five-headed hydra
 15564 | Lair:2   | Received a gift from Okawaru
 15564 | Lair:2   | Reached skill level 16 in Fighting
 15573 | Lair:2   | Killed a five-headed hydra
 16176 | Lair:2   | Noticed a four-headed hydra
 16188 | Lair:2   | Killed a four-headed hydra
 16397 | Lair:2   | Noticed a five-headed hydra
 16417 | Lair:2   | Killed a five-headed hydra
 16962 | Lair:3   | Reached skill level 17 in Fighting
 17339 | Lair:3   | Reached skill level 10 in Armour
 17852 | Lair:4   | Found a staircase to the Shoals.
 17905 | Lair:3   | Gained mutation: Your large and strong wings let you fly indefinitely. [Gargoyle growth]
 17905 | Lair:3   | Reached XP level 14. HP: 96/102 MP: 14/14
 17924 | Lair:3   | Received a gift from Okawaru
 18285 | Lair:4   | Found a staircase to the Snake Pit.
 18969 | Lair:4   | Received a gift from Okawaru
 19441 | Lair:5   | Reached skill level 18 in Fighting
 20342 | Lair:5   | Found a hole to the Spider Nest.
 20975 | Lair:6   | Found a viscous altar of Jiyva.
 20976 | Lair:6   | Found a staircase to the Slime Pits.
 22034 | Lair:7   | Found a frozen archway.
 22045 | IceCv    | Entered an ice cave
 22309 | IceCv    | Reached XP level 15. HP: 96/109 MP: 12/15
 22410 | IceCv    | Found an ancient bone altar of Kikubaaqudgha.
 22472 | IceCv    | Received a gift from Okawaru
 22473 | IceCv    | Got a dazzling dire flail {god gift}
 22538 | IceCv    | Identified the +1 dire flail of the Warrior-Mage {crush, *Corrode Int+6} (Okawaru gifted it to you in an ice cave)
 22673 | IceCv    | Noticed Borgoz's ghost (powerful MiFi)
 22694 | IceCv    | Killed Borgoz's ghost
 22777 | IceCv    | Reached skill level 19 in Fighting
 23886 | Lair:8   | Entered Level 8 of the Lair of Beasts
 23925 | Lair:7   | Received a gift from Okawaru
 24405 | Lair:8   | Found a gateway to Hell.
 24405 | Lair:8   | Found a burning altar of Makhleb.
 24544 | Lair:8   | Reached skill level 15 in Armour
 25126 | Lair:8   | Got a shimmering plate armour
 25127 | Lair:8   | Identified the cursed +1 plate armour of Charity {Str+4} (You found it on level 8 of the Lair of Beasts)
 25632 | D:12     | Noticed Frances
 25651 | D:12     | Killed Frances
 26099 | D:12     | Found a staircase to the Orcish Mines.
 26550 | D:12     | Received a gift from Okawaru
 26587 | D:12     | Got an ichor-stained executioner's axe {god gift}
 26594 | D:12     | Identified the +5 executioner's axe of Defence by Offence {holy, *Corrode +Fly Int+6 Dex+2} (Okawaru gifted it to you on level 12 of the Dungeon)
 26702 | D:12     | Noticed Nergalle
 26740 | D:12     | Killed Nergalle
 26767 | D:12     | Reached XP level 16. HP: 107/116 MP: 14/16
 27042 | Orc:1    | Entered Level 1 of the Orcish Mines
 27491 | Orc:1    | Noticed Erica
 27500 | Orc:1    | Killed Erica
 27500 | Orc:1    | Reached skill level 1 in Axes
 27501 | Orc:1    | Noticed Erolcha
 27509 | Orc:1    | Killed Erolcha
 27510 | Orc:1    | Noticed Maurice
 27523 | Orc:1    | Killed Maurice
 27871 | Orc:2    | Found a burning altar of Makhleb.
 28310 | Orc:4    | Entered Level 4 of the Orcish Mines
 28535 | Orc:3    | Noticed Josephine
 28549 | Orc:3    | Killed Josephine
 29223 | Orc:4    | Found a staircase to the Elven Halls.
 29270 | Orc:4    | Received a gift from Okawaru
 29280 | Orc:4    | Got a twisted battleaxe {god gift}
 29281 | Orc:4    | Identified the +2 battleaxe of Bloody Death {drain, *Drain +Rage rC+ MR++} (Okawaru gifted it to you on level 4 of the Orcish Mines)
 29429 | Orc:4    | Noticed Azrael
 30647 | Orc:4    | Reached skill level 5 in Axes
 30941 | Orc:4    | Killed Azrael
 31035 | Orc:4    | Found Uriplyst's Distillery.
 31147 | Orc:4    | Found Vydameve's Weapon Boutique.
 31150 | Orc:4    | Bought a potion of haste for 130 gold pieces
 31152 | Orc:4    | Found Omid's Antique Weapon Emporium.
 31153 | Orc:4    | Found Dotad's Magic Scroll Shoppe.
 31200 | Orc:4    | Bought a scroll of identify for 20 gold pieces
 31200 | Orc:4    | Bought a scroll of teleportation for 30 gold pieces
 31200 | Orc:4    | Bought a scroll of identify for 20 gold pieces
 31200 | Orc:4    | Bought a scroll of fog for 20 gold pieces
 31951 | Snake:1  | Entered Level 1 of the Snake Pit
 32279 | Snake:1  | Received a gift from Okawaru
 32289 | Snake:1  | Got a pitted dire flail {god gift}
 32290 | Snake:1  | Identified the +1 dire flail of Eternal Night {crush, rElec} (Okawaru gifted it to you on level 1 of the Snake Pit)
 33811 | Snake:2  | Received a gift from Okawaru
 33897 | Snake:2  | Found Raes's Retail Resort.
 33911 | Snake:2  | Bought an uncursed amulet of resist mutation for 600 gold pieces
 34002 | Snake:2  | Noticed Aizul
 34017 | Snake:2  | Killed Aizul
 34017 | Snake:2  | Reached skill level 10 in Axes
 34245 | Snake:2  | Reached XP level 17. HP: 105/122 MP: 15/17
 34252 | Snake:2  | Found a deep blue altar of Sif Muna.
 36395 | Snake:4  | Entered Level 4 of the Snake Pit
 36539 | Shoals:1 | Entered Level 1 of the Shoals
 36771 | Shoals:1 | Received a gift from Okawaru
 36777 | Shoals:1 | Got a slimy demon whip {god gift}
 36778 | Shoals:1 | Identified the +5 demon whip of Okawaru's Delight {elec, rN++ Str-3 Dex+5} (Okawaru gifted it to you on level 1 of the Shoals)
 36846 | Shoals:1 | Found Wiheih's Jewellery Shoppe.
 38806 | Shoals:3 | Cast into the Abyss (merfolk)
 38860 | Abyss:1  | Received a gift from Okawaru
 38935 | Abyss:1  | Gained mutation: Scrolls take you a little longer to read. [a neqoxec]
 38937 | Abyss:1  | Gained mutation: You are frail (-10% HP). [a neqoxec]
 38939 | Abyss:1  | Lost mutation: Scrolls take you a little longer to read. [potion of cure mutation]
 38939 | Abyss:1  | Lost mutation: You are frail (-10% HP). [potion of cure mutation]
 38939 | Abyss:1  | Lost mutation: You have a pair of small horns on your head. [potion of cure mutation]
 39017 | Shoals:3 | Escaped the Abyss
 39647 | Shoals:3 | Reached XP level 18. HP: 101/128 MP: 14/18
 40597 | Shoals:3 | Got a translucent silver amulet
 40599 | Shoals:3 | Identified the amulet of Hinal {Inacc rF+ SInv} (You found it on level 3 of the Shoals)
 41083 | Shoals:3 | Reached skill level 15 in Axes
 41380 | Shoals:4 | Entered Level 4 of the Shoals
 41478 | Shoals:4 | Noticed Ilsuiw
 41505 | Shoals:4 | Received a gift from Okawaru
 41540 | Shoals:4 | Got a transparent war axe {god gift}
 41541 | Shoals:4 | Identified the +8 war axe of Wrongful Imprisonment {chop, +Blink rF++ MR- SInv} (Okawaru gifted it to you on level 4 of the Shoals)
 42123 | Shoals:4 | Killed Ilsuiw
 43069 | Shoals:4 | Got a barnacled rune of Zot
 43602 | Shoals:1 | Received a gift from Okawaru
 44259 | Snake:4  | Noticed Wiglaf
 44262 | Snake:4  | Reached XP level 19. HP: 112/133 MP: 15/19
 44292 | Snake:3  | HP: 5/133 [Wiglaf/battleaxe (18)]
 44299 | Snake:3  | Slain by Wiglaf

Vault maps used:
D:1:      saegor_arrival_simple_a, minmay_newt_pond
D:2:      grunt_ministairs_9
D:4:      minmay_temple_entry_nine_rooms
D:5:      first_bread
D:6:      minmay_bad_closet
D:9:      statuecave_lemuel, kennysheep_mini_moat, serial_shops,
          kennysheep_mini, shop, hangedman_tree_tricks
D:10:     kennysheep_six_static_rooms, jiyva_altar_1, uniq_snorg, uniq_urug
D:11:     david_lair_generic, hangedman_decor_diamond_cutter
D:12:     erik_orc_2, uniq_frances, uniq_nergalle
Temple:   kilobyte_greek_temple_18
Lair:1:   beast_lair_carwin_7, uniq_sonja
Lair:2:   lemuel_fruit_tree, grunt_megastairs_2, infiniplex_staircase_pool
Lair:3:   beast_lair_carwin_large_4, serial_bayou_lagoon_b
Lair:4:   elwin_shoals_entry_rocks, minmay_snake_entry_guardpost_small,
          special_room, serial_bayou_shore_b
Lair:5:   spider_nest_entry_funnel_web, serial_bayou_shore_b, grunt_megastairs_3
Lair:6:   dpeg_slime_entry_enclosed_altar
Lair:7:   portal_ice_cave_entry_pillars_02, beast_lair_carwin_6,
          grunt_megastairs_4
Lair:8:   evil_forest, grunt_forest_stairs_basic, eino_house_with_fridge
Shoals:1: serial_shops, shop_statue, nicolae_shoals_cliffside_cave
Shoals:4: shoals_end_simple, shoals_ilsuiw_alternative
Snake:1:  grunt_ministairs_15, spider_trap, abandoned_shop, st_stairs_7
Snake:2:  basic_altar, stair_cage_wide, nicolae_alphabet_shops, uniq_aizul
Snake:4:  snake_pit_salamanders_mu, nicolae_snake_biting_tails,
          grunt_ministairs_4, serial_bayou_pond_c, uniq_wiglaf
Orc:1:    sword_in_stone, uniq_erica, uniq_erolcha, uniq_maurice
Orc:2:    nicolae_orc_accident_3, basic_altar
Orc:3:    nicolae_orc_pool_cavern, uniq_josephine
Orc:4:    st_orc_open, abandoned_shop, uniq_azrael
IceCv:    ice_cave_small_necro

Action                   |  1- 3 |  4- 6 |  7- 9 | 10-12 | 13-15 | 16-18 | 19-21 || total
-------------------------+-------+-------+-------+-------+-------+-------+-------++-------
Melee: Flail             |   131 |   169 |   396 |   834 |  2145 |    80 |       ||  3755
       Executioner's axe |       |       |       |       |       |  1447 |    12 ||  1459
       War axe           |       |       |       |       |       |    31 |       ||    31
Throw: Throwing net      |       |       |     1 |     3 |       |       |       ||     4
       Javelin           |       |       |       |     2 |     5 |     5 |       ||    12
Invok: Heroism           |       |       |       |     3 |     7 |    10 |     1 ||    21
       Finesse           |       |       |       |       |       |     1 |       ||     1
 Abil: Fly               |       |       |       |       |     1 |       |       ||     1
Evoke: Wand              |       |       |       |       |       |     1 |       ||     1
  Use: Scroll            |     3 |     6 |    12 |    11 |    14 |    11 |     1 ||    58
       Potion            |       |       |     1 |     4 |       |    10 |     2 ||    17
 Stab: Held in net/web   |       |       |       |     2 |       |       |       ||     2
       Fleeing           |       |       |       |       |     1 |     1 |       ||     2
  Eat: Chunk             |     1 |     5 |     9 |    12 |    17 |     4 |       ||    48
       Bread ration      |       |       |     1 |     1 |     2 |     7 |       ||    11
       Pizza             |       |       |     2 |       |     2 |     4 |       ||     8
       Fruit             |       |       |       |     5 |    11 |     6 |       ||    22
       Beef jerky        |       |       |       |     2 |     1 |     2 |       ||     5
       Royal jelly       |       |       |       |     1 |       |       |       ||     1
       Meat ration       |       |       |       |       |       |     3 |       ||     3
